Description

This build is to learn how to defend a roach ravager queen when doing 2 stargate opener into void archon charge zealot

Replay - Reynor v Zest: Game 2 - Jagannatha LE

Build Order

Get SALT Encoding   

  12  0:00  Probe  
  13  0:12  Probe  
  14  0:20  Pylon  
  14  0:24  Probe  
  15  0:38  Probe (Chrono Boost)  
  15  0:40  Gateway  
  16  0:47  Probe (Chrono Boost)  
  17  0:50  Assimilator  
  17  0:52  Probe (Chrono Boost)  
  18  1:05  Probe  
  19  1:17  Probe  
  20  1:26  Nexus  
  20  1:37  Cybernetics Core  
  20  1:41  Probe  
  20  1:46  Assimilator  
  21  1:53  Probe  
  22  1:56  Pylon  
  23  2:14  Adept  
  26  2:19  Stargate  
  27  2:26  Warp Gate  
  30  2:46  Adept  
  33  2:53  Void Ray (Chrono Boost)  
  40  3:09  Pylon  
  42  3:20  Gateway  
  42  3:26  Oracle (Chrono Boost)  
  50  3:51  Nexus  
  50  3:53  Pylon  
  50  3:59  Assimilator x2  
  52  4:08  Stargate  
  54  4:18  Void Ray  
  56  4:26  Pylon  
  62  4:41  Twilight Council, Forge  
  62  4:48  Adept x2  
  71  5:07  Void Ray x2  
  85  5:22  Protoss Ground Weapons Level 1  
  85  5:25  Charge  
  88  5:39  Gateway x2  
  88  5:41  Assimilator x2  
  88  5:47  Robotics Facility  
  89  5:55  Gateway x2  
  89  5:58  Templar Archives  
  92  6:14  Gateway  
  95  6:31  Photon Cannon  
  95  6:32  Immortal (Chrono Boost), Shield Battery x3  
  95  6:39  High Templar x4  
  107  6:49  Archon x2  
  107  6:52  Photon Cannon x2  
  107  6:55  Shield Battery  
  107  6:57  Gateway x2  
  107  7:01  Immortal (Chrono Boost)  
  107  7:04  Photon Cannon  
  107  7:07  Zealot  
  113  7:12  Shield Battery  
  113  7:17  High Templar x2  
  113  7:18  Zealot x3  
  123  7:24  Archon  
  123  7:26  High Templar  
  123  7:29  Immortal (Chrono Boost)  
  127  7:40  Zealot x4  
  131  7:53  Void Ray x2  
  131  7:56  Zealot x2  
  129  8:02  Protoss Ground Weapons Level 2 (Chrono Boost)  
  133  8:12  Immortal (Chrono Boost)  
  125  8:23  Psionic Storm, High Templar x3  
  133  8:29  Nexus  
  133  8:40  Gateway  
  133  8:44  Observer (Chrono Boost)  
  150  9:10  Archon  
  150  9:20  Warp Prism (Chrono Boost)  
  155  9:26  Archon  
  165  9:43  Archon  
Spawning Tool Build Advisor. Get it on Overwolf

Analysis

Second unit from stargate is an oracle to scout the zerg composition. Zest stop probe production when he have 2 base saturation to put his tech. He feedback the queen and put alot of defensive structure. Nonstop immortal production.

Go to:

Details

  • Created by: anzoimpact
  • Published on: Mar 07, 2021
  • Modified on: Mar 15, 2021
  • Patch: 4.11.0
  • Difficulty: Hard
Show
View Real Time Build Order
Export as new Build Order

Comments (0)

There are no comments. Be the first!

Create an account to comment!